Selects Luftwaffe Battlegroup
Selects Luftwaffe Pioneer Support
Fallschirmpioneer Squad Paradrop
Construct Infanterie Kompanie
Fallschirmpioneer Squad Paradrop
Fallschirmpioneer Squad Paradrop
Construct Luftwaffe Kompanie
Selects Reconnaissance Run
Selects Fallschirmjäger Squad Paradrop
Construct Panzergrenadier Kompanie
Nebelwerfer 42 Rocket Launcher Team
Construct Panzer Kompanie
Luftwaffe Officer Quarters
Panzergrenadier Officer Quarters
Selects Luftwaffe Combat Group
Selects Infantry Reserves
Pak 40 Anti-tank Gun Team